 Dungeon Crawl Stone Soup version 0.31.0-12-g77e489cdc1 (webtiles) character file.

Game seed: 14813143660694039309

1801 monsoonserge the Ruffian (level 9, -8/67 HPs)
             Began as a Gnoll Shapeshifter on Feb 25, 2024.
             Was a Believer of Wu Jian.
             Mangled by an orc warrior
             ... wielding a +0 scimitar
              (19 damage)
             ... on level 7 of the Dungeon.
             The game lasted 00:14:40 (5680 turns).

monsoonserge the Ruffian (Gnoll Shapeshifter)       Turns: 5680, Time: 00:14:40

Health: -8/67      AC:  0    Str: 17    XL:     9   Next: 9%
Magic:  15/15      EV: 18    Int: 10    God:    Wu Jian [**....]
Gold:   300        SH:  0    Dex: 12    Spells: 16/16 levels left

rFire   . .          .
                       - Unarmed
rCold   . . .        (shield currently unavailable)
rNeg    . . .        a - melded +1 animal skin
rPois   .            (no helmet)
rElec   .            (no cloak)
rCorr   +            (no gloves)
SInv    .            (no boots)
Will    +....        (no amulet)
Stlth   +            h - ring of resist corrosion
HPRegen 0.31/turn    j - ring of willpower
MPRegen 0.14/turn

%: no passive effects
@: flux-form, glowing
A: glow, contaminating, fangs 1, strong nose, distributed training
a: Begin Untransformation, Renounce Religion, Wall Jump


You were on level 7 of the Dungeon.
You worshipped Wu Jian.
Wu Jian was pleased with you.
You were something dangerously unstable.
You visited 2 branches of the dungeon, and saw 8 of its levels.

You collected 300 gold pieces.

Inventory:

Hand Weapons
 E - a +2 war axe of electrocution
 G - a +2 dagger of flaming
Missiles
 m - 4 darts of dispersal
 q - 8 poisoned darts
 t - 6 boomerangs (quivered)
 y - a throwing net
Armour
 a - a +1 animal skin (melded)
 z - the +2 leather armour "Gihizo" {Will+}
   (You found it on level 5 of the Dungeon)

   Will+:     It increases your willpower.
Magical Staves
 e - a staff of conjuration
 r - a staff of alchemy
Jewellery
 h - a ring of resist corrosion (left hand)
 j - a ring of willpower (right hand)
Talismans
 c - a beast talisman
 d - a flux talisman (active)
 x - a blade talisman
Wands
 s - a wand of charming (13)
Scrolls
 b - a scroll of immolation {unknown}
 f - a scroll of enchant weapon {unknown}
 n - 2 scrolls of teleportation {unknown}
 o - a scroll of poison {unknown}
 p - 2 scrolls of identify {unknown}
 u - 2 scrolls of enchant armour
 A - 2 scrolls of fog {unknown}
 B - a scroll of noise {unknown}
 C - 2 scrolls of brand weapon
 F - a scroll of fear {unknown}
Potions
 g - a potion of degeneration {unknown}
 i - 2 potions of brilliance {unknown}
 l - a potion of ambrosia {unknown}
 v - 2 potions of curing
 w - a potion of resistance {unknown}
 D - a potion of haste {unknown}
 H - a potion of lignification


   Skills:
 + Level 4.9 Fighting
 + Level 4.0 Short Blades
 + Level 4.0 Long Blades
 + Level 4.0 Axes
 + Level 4.0 Maces & Flails
 + Level 4.0 Polearms
 + Level 4.0 Staves
 + Level 4.0 Ranged Weapons
 + Level 4.0 Throwing
 + Level 4.0 Armour
 + Level 6.2 Dodging
 + Level 4.0 Stealth
 + Level 4.0 Shields
 + Level 7.8 Unarmed Combat
 + Level 4.0 Spellcasting
 + Level 3.3 Conjurations
 + Level 3.3 Hexes
 + Level 3.3 Summonings
 + Level 3.3 Necromancy
 + Level 3.3 Translocations
 + Level 3.3 Fire Magic
 + Level 3.3 Ice Magic
 + Level 3.3 Air Magic
 + Level 3.3 Earth Magic
 + Level 3.3 Alchemy
 + Level 4.4 Invocations
 + Level 4.0 Evocations
 + Level 7.5 Shapeshifting


You had 16 spell levels left.
You didn't know any spells.
Your spell library contained the following spells:

 Spells                   Type           Power      Damage    Failure   Level
 Sandblast                Erth           16%        2d6       6%          1
 Sting                    Conj/Alch      32%        1d5       6%          1
 Mercury Vapours          Alch/Air       16%        N/A       10%         2
 Passwall                 Erth           8%         N/A       19%         3
 Stone Arrow              Conj/Erth      16%        3d8       19%         3
 Tukima's Dance           Hex            8%         N/A       19%         3
 Brom's Barrelling Bould  Conj/Erth      8%         2d3       54%         4
 Olgreb's Toxic Radiance  Alch           8%         N/A       54%         4
 Passage of Golubria      Tloc           8%         N/A       54%         4
 Yara's Violent Unravell  Hex/Alch       4%         3d4       87%         5


Dungeon Overview and Level Annotations

Branches:
Dungeon (7/15)             Temple (1/1) D:4

Altars:
Ashenzari
Cheibriados
Dithmenos
Elyvilon
Fedhas
Gozag
Makhleb
Nemelex Xobeh
Qazlal
Sif Muna
Trog
Uskayaw
Vehumet
Wu Jian
Xom
Yredelemnul
Zin
The Shining One

Annotations:
D:6 2 transporters


Innate Abilities, Weirdness & Mutations

You are something dangerously unstable.
You glow with magical radiation, making you easy to see and hit.
Foes you strike become dangerously contaminated with magical radiation.
You are incapable of wielding weapons or throwing items.
You have very sharp teeth.
Your uncanny sense of smell can sniff out nearby items.
Your experience applies equally to all skills.


Message History

The wight is moderately damaged.
The wight completely misses you.
Unknown command.
You spin and attack the wight.
You hit the wight.
The wight glows dangerously bright.
The wight is heavily damaged.
You spin and attack the wight.
You closely miss the wight. The wight barely misses you.
The wight completely misses you.
Unknown command.
You spin and attack the wight.
You hit the wight.
The wight begins to glow.
The wight is moderately damaged.
The wight hits you from afar with a +0 spear.
* * * LOW HITPOINT WARNING * * *
Unknown command.
Unknown command.
You spin and attack the wight.
You hit the wight.
The wight glows dangerously bright.
You bite the wight, but do no damage.
The wight is severely damaged.
The wight hits you with a +4 battleaxe!
* * * LOW HITPOINT WARNING * * *
Unknown command.
You spin and attack the wight.
You barely miss the wight.
The wight is severely damaged.
The wight misses you. The wight completely misses you.
The orc warrior stops glowing.
The orc warrior attacks as it pursues you!
The orc warrior completely misses you.
Okay, then.
Okay, then.
As you read the scroll labelled CEUSKA QOEFASI, it crumbles to dust.
It is a scroll of brand weapon.
Your +2 dagger of venom is engulfed in flames!
G - a +2 dagger of flaming The orc warrior misses you.
As you read the scroll labelled CIXKABLIULE, it crumbles to dust.
It is a scroll of enchant armour.
Your +0 animal skin glows green for a moment.
The wight closely misses you.
The orc warrior hits you with a +0 scimitar!!
You die...

....
8...###.##....#
.zz.
#..8##.##.##.#
.!..z
#)..##.##.##.#
#....
#.)..#....)..#
##....
#...##..###..#
......##..s§#..#
#..#
.......#....#.##
#..#
.......).sz##.#
#..# .
..........Dop.#
#..########.
########...##.#
#..[........
#..8##.#
#.##########
##.###.# #.# #
#.# #.# #.# # ...
.## #.##########
##.###
#........... #.
#............
∆........########


You could see a steam dragon, an orc warrior (misshapen), a scorpion and a wight
(contam).

Vanquished Creatures
  A hornet (D:5)
  A water moccasin (D:5)
  An orc warrior (D:5)
  An ice beast (D:6)
  A centaur (D:6)
  An ogre (D:6)
  A phantom (D:6)
  7 scorpions
  A wight (D:7)
  A howler monkey (D:6)
  A bombardier beetle (D:3)
  2 hounds
  3 orc priests
  A gnoll bouda (D:5)
  8 orc wizards
  4 gnolls (D:5)
  4 adders
  A shadow imp (D:6)
  A white imp (D:6)
  2 dart slugs
  A ribbon worm (D:2)
  22 orcs
  4 endoplasms
  2 giant cockroaches (D:1)
  8 hobgoblins
  6 jackals
  6 ball pythons
  3 bats
  3 frilled lizards
  4 goblins
  2 kobolds (D:3)
  4 rats
108 creatures vanquished.

Vanquished Creatures (others)
  A gnoll (D:5)
1 creature vanquished.

Grand Total: 109 creatures vanquished

Notes
Turn   | Place    | Note
-------+----------+-------------------------------------------
     0 | D:1      | monsoonserge the Gnoll Shapeshifter began the quest for the
                  | Orb.
     0 | D:1      | Reached XP level 1. HP: 17/17 MP: 1/1
    80 | D:1      | Reached XP level 2. HP: 4/23 MP: 2/2
   277 | D:1      | Found a faded altar of an unknown god.
   289 | D:1      | Prayed at the altar of an unknown god.
   289 | D:1      | Became a worshipper of the Shining One
   289 | D:1      | Reached * piety under the Shining One
   466 | D:1      | Reached XP level 3. HP: 17/28 MP: 3/3
  1383 | D:3      | Reached skill level 1 in Short Blades
  1383 | D:3      | Reached skill level 1 in Long Blades
  1383 | D:3      | Reached skill level 1 in Axes
  1383 | D:3      | Reached skill level 1 in Maces & Flails
  1383 | D:3      | Reached skill level 1 in Polearms
  1383 | D:3      | Reached skill level 1 in Staves
  1383 | D:3      | Reached skill level 1 in Ranged Weapons
  1383 | D:3      | Reached skill level 1 in Throwing
  1383 | D:3      | Reached skill level 1 in Armour
  1383 | D:3      | Reached skill level 1 in Stealth
  1383 | D:3      | Reached skill level 1 in Shields
  1383 | D:3      | Reached skill level 1 in Spellcasting
  1383 | D:3      | Reached skill level 1 in Invocations
  1383 | D:3      | Reached skill level 1 in Evocations
  1383 | D:3      | Reached XP level 4. HP: 31/34 MP: 5/5
  1433 | D:3      | Reached skill level 1 in Conjurations
  1433 | D:3      | Reached skill level 1 in Hexes
  1433 | D:3      | Reached skill level 1 in Summonings
  1433 | D:3      | Reached skill level 1 in Necromancy
  1433 | D:3      | Reached skill level 1 in Translocations
  1433 | D:3      | Reached skill level 1 in Fire Magic
  1433 | D:3      | Reached skill level 1 in Ice Magic
  1433 | D:3      | Reached skill level 1 in Air Magic
  1433 | D:3      | Reached skill level 1 in Earth Magic
  1433 | D:3      | Reached skill level 1 in Alchemy
  1473 | D:3      | Noticed an ogre
  1548 | D:3      | Found an ornate altar of the Wu Jian Council.
  1652 | D:3      | Fell from the grace of the Shining One
  1652 | D:3      | Became a worshipper of the Wu Jian Council
  1740 | D:3      | Reached XP level 5. HP: 28/40 MP: 5/7
  2392 | D:4      | Found a staircase to the Ecumenical Temple.
  2402 | Temple   | Entered the Ecumenical Temple
  2859 | D:5      | Entered Level 5 of the Dungeon
  2896 | D:5      | Reached XP level 6. HP: 31/47 MP: 8/8
  3022 | D:5      | Reached skill level 5 in Dodging
  3073 | D:5      | Identified the +2 leather armour "Gihizo" {Will+}
  3099 | D:5      | Reached * piety under Wu Jian
  3156 | D:5      | Noticed a water moccasin
  3168 | D:5      | Killed a water moccasin
  3169 | D:5      | Reached XP level 7. HP: 8/52 MP: 10/10
  3445 | D:5      | Found a burning altar of Makhleb.
  3910 | D:6      | Found a transporter.
  3911 | D:6      | Noticed a vampire mosquito
  3913 | D:6      | Found a snail-covered altar of Cheibriados.
  3923 | D:6      | Noticed a komodo dragon
  4279 | D:6      | Reached XP level 8. HP: 60/60 MP: 12/12
  4478 | D:6      | Noticed a hornet
  4489 | D:5      | Killed a hornet
  4676 | D:5      | HP: 2/61 [orc warrior/+0 glaive (15)]
  4826 | D:6      | Found a white marble altar of Elyvilon.
  4906 | D:6      | Reached ** piety under Wu Jian
  5052 | D:6      | Found a transporter.
  5433 | D:7      | Reached XP level 9. HP: 18/66 MP: 14/14
  5671 | D:7      | HP: 3/67 [orc warrior/+0 scimitar (11)]
  5680 | D:7      | Mangled by an orc warrior

Illustrated notes

Levels and vault maps discovered:
D:1:      co_arrival_random_square_maze, layout_loops_ring,
          ebering_ecumenical_altar_box, minmay_fountain_box
D:2:      layout_rooms
D:3:      layout_basic, mainiacjoe_overflow_boulevard
D:4:      layout_basic, minmay_temple_entry_glass
D:5:      layout_basic, lemuel_doored_altar, nicolae_twisty_statue_hallways
D:6:      layout_cave_pools, cheibriados_altar_1,
          gammafunk_temple_overflow_arena
D:7:      hellmonk_crumbling_castle, layout_loops_ring,
          hellmonk_okawaru_the_only_friend_you_need,
          nicolae_hepliaklqana_monster_ancestors, enter_bailey_5,
          kennysheep_generic_room_8
Temple:   nicolae_temple_ecumenical_triangle

Skill      XL: |  1  2  3  4  5  6  7  8  9 |
---------------+----------------------------+-----
Short Blades   | 1 2 3 4 |  4.0
Long Blades    | 1 2 3 4 |  4.0
Axes           | 1 2 3 4 |  4.0
Maces & Flails | 1 2 3 4 |  4.0
Polearms       | 1 2 3 4 |  4.0
Staves         | 1 2 3 4 |  4.0
Ranged Weapons | 1 2 3 4 |  4.0
Throwing       | 1 2 3 4 |  4.0
Armour         | 1 2 3 4 |  4.0
Stealth        | 1 2 3 4 |  4.0
Shields        | 1 2 3 4 |  4.0
Spellcasting   | 1 2 3 4 |  4.0
Invocations    | 1 2 3 4 |  4.4
Evocations     | 1 2 3 4 |  4.0
Conjurations   | 1 2 3 |  3.3
Hexes          | 1 2 3 |  3.3
Summonings     | 1 2 3 |  3.3
Necromancy     | 1 2 3 |  3.3
Translocations | 1 2 3 |  3.3
Fire Magic     | 1 2 3 |  3.3
Ice Magic      | 1 2 3 |  3.3
Air Magic      | 1 2 3 |  3.3
Earth Magic    | 1 2 3 |  3.3
Alchemy        | 1 2 3 |  3.3
Fighting       | 3 4 |  4.9
Dodging        | 5 6 |  6.2
Unarmed Combat | 7 |  7.8
Shapeshifting  | 7 |  7.5

Action                     |  1- 3 |  4- 6 |  7- 9 || total
---------------------------+-------+-------+-------++-------
  Melee: Unarmed           |    72 |    99 |   216 ||   387
         Bite              |     5 |     8 |    27 ||    40
         Punch             |       |     1 |       ||     1
Ability: Lunge             |       |    10 |    12 ||    22
         Whirlwind         |       |       |    77 ||    77
  Evoke: Wand              |       |     1 |       ||     1
    Use: Potion            |       |     1 |     4 ||     5
         Scroll            |       |       |     2 ||     2
 Armour: Skin              |    30 |    34 |    73 ||   137
  Dodge: Dodged            |    50 |    60 |   128 ||   238
   Form: Flux              |     1 |       |       ||     1
